 Dungeon Crawl Stone Soup version 0.31.0-2-g5a2aebc5c2 (webtiles) character file.

Game seed: 18039200527190857624

268 gelatine the Shooter (level 6, -1/69 HPs)
             Began as a Demonspawn Hunter on Jan 20, 2024.
             Slain by a scorpion (5 damage)
             ... on level 4 of the Dungeon.
             The game lasted 00:07:22 (2035 turns).

gelatine the Shooter (Demonspawn Hunter)            Turns: 2035, Time: 00:07:22

Health: -1/69      AC:  3    Str:  4 (6)  XL:     6   Next: 0%
Magic:  6/6        EV: 11    Int: 17 (18) God:
Gold:   64         SH:  0    Dex: 17 (18) Spells: 5/5 levels left

rFire   + . .        o - +8 dagger "Embalmer" {spect, rF+ rC+ Str-5 Int+2}
rCold   + . .        (no shield)
rNeg    . . .        c - +0 leather armour
rPois   .            (helmet unavailable)
rElec   .            (no cloak)
rCorr   +            (no gloves)
SInv    +            (no boots)
Will    .....        (no amulet) Stlth
                     j - +6 ring of intelligence
HPRegen 0.31/turn    m - ring of resist corrosion
MPRegen 0.10/turn

%: no passive effects
@: berserking, lethally poisoned (-1 -> -3), very quick
A: antennae 3, hooves 1, powered by death 1, subdued magic 1
a: no special abilities


You were on level 4 of the Dungeon.
You visited 1 branch of the dungeon, and saw 4 of its levels.

You collected 112 gold pieces.
You spent 48 gold pieces at shops.

Inventory:

Hand Weapons
 a - a +0 shortbow
 k - a +0 sling
 o - the +8 dagger "Embalmer" (weapon) {spect, rF+ rC+ Str-5 Int+2}
   (You found it on level 3 of the Dungeon)

   Str-5:     It affects your strength (-5).
   Int+2:     It affects your intelligence (+2).
   rF+:       It protects you from fire.
   rC+:       It protects you from cold.
Armour
 c - a +0 leather armour (worn)
Jewellery
 j - a +6 ring of intelligence (left hand)
 m - a ring of resist corrosion (right hand)
Scrolls
 b - a scroll of butterflies
 d - a scroll of immolation {unknown}
 f - a scroll of summoning {unknown}
 i - 4 scrolls of identify {unknown}
 n - a scroll of blinking {unknown}
 p - a scroll of amnesia {unknown}
 q - a scroll of teleportation {unknown}
Potions
 g - a potion of mutation
 l - a potion of magic


   Skills:
 + Level 2.7 Fighting
 + Level 1.2 Short Blades
 + Level 5.4 Ranged Weapons
 + Level 1.6 Armour
 + Level 2.1 Dodging
 * Level 1.9 Stealth


You had 5 spell levels left.
You didn't know any spells.
Your spell library contained the following spells:

 Spells                   Type           Power      Damage    Failure   Level
 Slow                     Hex            0%         N/A       34%         1
 Scorch                   Fire           0%         2d5       47%         2
 Confusing Touch          Hex            0%         N/A       73%         3
 Sigil of Binding         Hex            0%         N/A       73%         3
 Vampiric Draining        Necr           0%         2d6       73%         3
 Flame Wave               Conj/Fire      0%         2d4       98%         4
 Summon Cactus Giant      Summ           0%         N/A       100%        6


Dungeon Overview and Level Annotations

Branches:
Dungeon (4/15)
 Temple: D:4-7

Altars:
Nemelex Xobeh
Ru
Sif Muna

Shops:
D:2 *


Innate Abilities, Weirdness & Mutations

You have a pair of large antennae on your head. (SInv)
You have large cloven feet.
You regenerate a little health from kills.
Your spells are a little easier to cast, but a little less powerful.


Message History

The scorpion closely misses you.
You barely miss the scorpion. Your kick misses the scorpion.
The scorpion is moderately wounded.
Your +8 dagger "Embalmer" {spect, rF+ rC+ Str-5 Int+2} hits the scorpion.
The scorpion barely misses you. The scorpion closely misses you.
You hit the scorpion.
The scorpion is heavily wounded.
Your +8 dagger "Embalmer" {spect, rF+ rC+ Str-5 Int+2} hits the scorpion!
The scorpion stings you.
* * * LOW HITPOINT WARNING * * *
You are poisoned.
The scorpion poisons you!
You hit the scorpion but do no damage.
You kick the scorpion, but do no damage.
The scorpion is almost dead.
Your +8 dagger "Embalmer" {spect, rF+ rC+ Str-5 Int+2} hits the scorpion.
* * * LOW HITPOINT WARNING * * *
You feel sick.
The scorpion stings your +8 dagger "Embalmer" {spect, rF+ rC+ Str-5 Int+2}.
Your spectral weapon shares its damage with you!
* * * LOW HITPOINT WARNING * * *
It was a potion of mutation.
You feel extremely strange.
Your connection to magic feels subdued.
Your +8 dagger "Embalmer" {spect, rF+ rC+ Str-5 Int+2} disappears.
* * * LOW HITPOINT WARNING * * *
You feel sick. The scorpion misses you.
It was a potion of magic.
Magic courses through your body.
* * * LOW HITPOINT WARNING * * *
You feel sick. The scorpion closely misses you.
It was a potion of degeneration.
There was something very wrong with that liquid.
You feel weakened.
You feel dopey.
You feel clumsy.
* * * LOW HITPOINT WARNING * * *
You feel sick.
The scorpion stings you but does no damage.
It was a potion of berserk rage.
A red film seems to cover your vision as you go berserk!
You feel yourself moving faster!
You feel mighty!
You feel sick. The scorpion misses you. The scorpion stings you.
You die...

########
###......#
#........#
#........#######{
#.......)s)...<#
#....!).##@...##
#.s.o.o.##.##.#
#......#####.##.#
#...... #.##.#
......< #.##.#
....... .....#
o...... ....###
.##+### ######


You could see a scorpion.

Vanquished Creatures
  A jelly (D:4)
  An orc priest (D:4)
  Terence (D:3)
  2 orc wizards (D:4)
  3 adders (D:3)
  2 gnolls
  2 dart slugs (D:2)
  2 orcs
  5 ball pythons
  6 endoplasms
  2 giant cockroaches
  9 goblins
  7 hobgoblins
  4 jackals (D:2)
  10 kobolds
  5 quokkas
  4 bats
  4 frilled lizards
  14 rats
84 creatures vanquished.

Notes
Turn   | Place    | Note
-------+----------+-------------------------------------------
     0 | D:1      | gelatine the Demonspawn Hunter began the quest for the Orb.
     0 | D:1      | Reached XP level 1. HP: 16/16 MP: 1/1
    96 | D:1      | Reached skill level 4 in Ranged Weapons
    97 | D:1      | Discovered your monstrous ancestry.
    97 | D:1      | Gained mutation: You have a pair of small antennae on your
                  | head. [demonic ancestry]
    97 | D:1      | Reached XP level 2. HP: 18/22 MP: 2/2
   180 | D:1      | Found a faded altar of an unknown god.
   394 | D:1      | Gained mutation: You have a pair of antennae on your head.
                  | [demonic ancestry]
   394 | D:1      | Reached XP level 3. HP: 27/27 MP: 3/3
   801 | D:2      | Found Tano's Assorted Antiques.
   810 | D:2      | Bought a scroll labelled KUYQIM JAGE for 24 gold pieces
   810 | D:2      | Bought a scroll labelled KOENEIJ MOSUMA for 24 gold pieces
  1024 | D:3      | Found a sacrificial altar of Ru.
  1061 | D:3      | Gained mutation: You have large cloven feet. [demonic
                  | ancestry]
  1061 | D:3      | Reached XP level 4. HP: 33/33 MP: 4/4
  1077 | D:3      | Identified the +8 dagger "Embalmer" {spect, rF+ rC+ Str-5
                  | Int+2}
  1165 | D:3      | Reached skill level 1 in Stealth
  1306 | D:3      | Found a shimmering blue altar of Sif Muna.
  1377 | D:3      | Reached skill level 1 in Armour
  1429 | D:3      | Found a sparkling altar of Nemelex Xobeh.
  1498 | D:3      | Reached skill level 5 in Ranged Weapons
  1709 | D:3      | Noticed Terence
  1721 | D:3      | Killed Terence
  1722 | D:3      | Gained mutation: You regenerate a little health from kills.
                  | [demonic ancestry]
  1722 | D:3      | Reached XP level 5. HP: 22/39 MP: 5/5
  2026 | D:4      | Reached skill level 1 in Short Blades
  2027 | D:4      | Gained mutation: You have a pair of large antennae on your
                  | head. (SInv) [demonic ancestry]
  2027 | D:4      | Reached XP level 6. HP: 14/46 MP: 6/6
  2032 | D:4      | Gained mutation: Your spells are a little easier to cast,
                  | but a little less powerful. [potion of mutation]
  2035 | D:4      | Slain by a scorpion

Illustrated notes

Levels and vault maps discovered:
D:1:      dpeg_arrival_simpleton_a, layout_basic, basic_ecumenical_altar
D:2:      minmay_alternating_diamond, layout_rooms, serial_shops, shop,
          nicolae_kite_square_tiling_tiny
D:3:      minmay_octagon_keep, layout_basic, nemelex_altar_shiori,
          mainiacjoe_overflow_small_starburst, old_standard_altar,
          nicolae_overflow_crystal_walls, nicolae_twisty_statue_hallways,
          uniq_terence
D:4:      layout_basic, kennysheep_mini, serial_shops, shop

Skill      XL: |  1  2  3  4  5 |
---------------+----------------+-----
Ranged Weapons | 4 5 |  5.4
Stealth        | 1 |  1.9
Armour         | 1 |  1.6
Dodging        | 2 |  2.1
Short Blades   | 1 |  1.2
Fighting       | |  2.7

Action                     |  1- 3 |  4- 6 || total
---------------------------+-------+-------++-------
  Melee: Dagger            |       |    58 ||    58
         Kick              |       |     9 ||     9
         Punch             |       |     1 ||     1
   Fire: Shortbow          |   137 |     4 ||   141
    Use: Potion            |       |     4 ||     4
   Stab: Distracted        |       |     2 ||     2
         Sleeping          |       |     1 ||     1
 Armour: Leather armour    |    26 |    27 ||    53
  Dodge: Dodged            |    60 |    29 ||    89
